AoeStats
← Avatar

Four Lakes

508947143Analyzed
1v1 RM · 6d ago on Sep 24, 2026· 21m 6s· 2 players
Game mode
Random Map
Map size
Tiny (2 player)
Population
200
Speed
Normal
Resources
Standard
Victory
Conquest
Starting age
Dark Age
Ending age
Imperial Age
RankedLock teamsTeams togetherTeam positionsShared explorationLock speedFull tech treeHidden civsTurbo modeCheats
Victory
Defeat
🇨🇭 Huns · Switzerland
582
+14
🇦🇷 Vikings · Argentina
544
-14
Macabro
3:29 Loom
10:33 Feudal Age
11:56 Double-Bit Axe
16:09 Fishing Lines
20:40 Arson
Avatar
2:38 Loom
12:14 Feudal Age
11:52 Loom
13:05 Double-Bit Axe
13:02 Horse Collar
14:18 Wheelbarrow
13:34 Loom
15:30 Bloodlines
16:26 Scale Barding Armor
16:35 Forging
20:49 Castle Age
19:07 Town Watch
Connection lost

Rejoining the realm…

Still unreachable

The connection could not be restored.

Session expired

The server has moved on; the page needs a fresh start.